 Dungeon Crawl Stone Soup version 0.18.1-47-g9310371 (webtiles) character file.

47 Gargoyl the Skirmisher (level 3, 0/29 HPs)
             Began as a Demonspawn Abyssal Knight on June 19, 2016.
             Was a Follower of Lugonu.
             Slain by a worm (6 damage)
             ... on level 2 of the Dungeon.
             The game lasted 00:03:34 (1163 turns).

Gargoyl the Skirmisher (Demonspawn Abyssal Knight)  Turns: 1163, Time: 00:03:34

Health: 0/29       AC:  3    Str: 13    XL:     3   Next: 48%
Magic:  5/5        EV: 11    Int: 18    God:    Lugonu [*.....]
Gold:   173        SH:  0    Dex: 14    Spells: 0 memorised, 2 levels left

rFire  + . .     SeeInvis .     a - +1 hand axe
rCold  x . .     Gourm    .     b - +0 leather armour
rNeg   . . .     Faith    .     (no shield)
rPois  .         Spirit   .     (no helmet)
rElec  .         Dismiss  .     (no cloak)
rCorr  .         Reflect  .     (no gloves)
SustAt .         Harm     .     (no boots)
MR     .....                    (no amulet)
Stlth  ++........               (no ring)
                                e - ring of fire

@: brilliant, not resistant to hostile enchantments, unstealthy
A: thin skeletal structure 1
a: Depart the Abyss, Renounce Religion


You were on level 2 of the Dungeon.
You worshipped Lugonu.
Lugonu was aware of your devotion.
You were not hungry.

You visited 1 branch of the dungeon, and saw 2 of its levels.
You visited the Abyss 1 time.

You collected 173 gold pieces.

Inventory:

Hand Weapons
 a - a +1 hand axe (weapon)
Armour
 b - a +0 leather armour (worn)
Jewellery
 e - a ring of fire (left hand)
Scrolls
 d - a scroll of remove curse
 f - a scroll of noise {unknown}
 g - a scroll of fear {unknown}
 i - a scroll of random uselessness {unknown}
 n - a scroll of amnesia {unknown}
Potions
 h - a potion of resistance {unknown}
 l - a potion of cancellation {unknown}
 m - a potion of mutation {unknown}
Comestibles
 c - 3 bread rations


   Skills:
 + Level 3.5 Fighting
 + Level 2.2 Axes
 + Level 2.1 Armour
 + Level 1.4 Dodging
 + Level 0.2 Stealth
 + Level 2.8 Invocations


You had 2 spell levels left.
You didn't know any spells.

Dungeon Overview and Level Annotations

Branches:
Dungeon (2/15)

Altars:


Innate Abilities, Weirdness & Mutations

You have a somewhat thin skeletal structure (Dex +2, Stealth).


Message History

You hit the worm but do no damage.
The worm is severely wounded.
The worm barely misses you.
You hit the worm.
The worm is severely wounded.
The worm barely misses you.
You hit the worm but do no damage.
The worm is heavily wounded.
The worm barely misses you.
You hit the worm but do no damage.
The worm is heavily wounded.
You hit the worm but do no damage.
The worm is heavily wounded.
The worm bites you.
* * * LOW HITPOINT WARNING * * *
Drink which item? (? for menu, Esc to quit)
It was a potion of brilliance.
You feel clever all of a sudden. The worm bites you.
You die...

...........#####.####.#.
.......<...'...)........
...........#####....#.#
...........# #....#
.###############....#
........#.......#
........#.#..>......
......(w#.#.###.....
......†@'.#.# .###.
........###.# .#
######### #.# #.# #.#


You could see a worm.

Vanquished Creatures
  An ooze (D:1)
  A dart slug (D:1)
  3 giant geckos (D:1)
  4 bats (D:1)
  2 giant cockroaches (D:1)
  5 goblins (D:1)
  8 hobgoblins (D:1)
  2 giant newts (D:1)
  5 kobolds (D:1)
  4 rats
35 creatures vanquished.

Notes
Turn   | Place    | Note
--------------------------------------------------------------
     0 | Abyss:1  | Gargoyl the Demonspawn Abyssal Knight began the quest for the Orb.
     0 | Abyss:1  | Reached XP level 1. HP: 18/18 MP: 2/2
    79 | Abyss:3  | Noticed a wight
   124 | Abyss:4  | Noticed a tentacled starspawn
   127 | D:1      | Escaped the Abyss
   174 | D:1      | Reached skill level 1 in Dodging
   177 | D:1      | Gained mutation: You have a somewhat thin skeletal structure (Dex +2, Stealth). [demonic ancestry]
   177 | D:1      | Reached XP level 2. HP: 24/24 MP: 4/4
   185 | D:1      | Reached * piety under Lugonu
   707 | D:1      | Reached XP level 3. HP: 29/29 MP: 5/5
  1163 | D:2      | Slain by a worm

Skill      XL: |  1  2 |
---------------+-------+-----
Dodging        | 1 |  1.4
Axes           | 2 |  2.2
Armour         | 2 |  2.1
Fighting       | |  3.5
Stealth        | |  0.2
Invocations    | |  2.8

Action                   || total
-------------------------++-------
Melee: Hand axe          ||   104
Invok: Depart the Abyss  ||     1
  Use: Scroll            ||     2
       Potion            ||     1
 Stab: Sleeping          ||     1
  Eat: Chunk             ||     1
Armor: Leather armour    ||    45
Dodge: Dodged            ||    78
